 Dungeon Crawl Stone Soup version 0.18-a0-1577-gf591c28 (console) character file.

312 Liam the Magician (level 6, -1/36 HPs)
             Began as a High Elf Wizard on Mar 22, 2016.
             Killed by divine providence
             ... invoked by an orc priest
              (13 damage)
             ... on level 4 of the Dungeon.
             The game lasted 00:04:42 (4185 turns).

Liam the Magician (High Elf Wizard)                 Turns: 4185, Time: 00:04:42

Health: -1/36      AC:  2    Str:  5 (6)  XL:     6   Next: 18%
Magic:  3/16       EV: 12    Int: 24 (25) God:
Gold:   262        SH:  0    Dex: 13      Spells: 5 memorised, 6 levels left

rFire  . . .     SeeInvis .     (no weapon)
rCold  . . .     Gourm    .     a - +0 robe
rNeg   . . .     Faith    .     (no shield)
rPois  .         Spirit   .     b - +0 hat
rElec  .         Dismiss  .     (no cloak)
rCorr  .         Reflect  .     (no gloves)
SustAt .         Harm     .     (no boots)
MR     .....                    (no amulet)
Stlth  ++........               (no ring)
                                (no ring)

@: not resistant to hostile enchantments, unstealthy
A: no striking features
a: no special abilities


You were on level 4 of the Dungeon.
You were hungry.

You visited 1 branch of the dungeon, and saw 4 of its levels.

You collected 262 gold pieces.

Inventory:

Armour
 a - a +0 robe (worn)
 b - a +0 hat (worn)
Wands
 t - a wand of lightning (9/15)
Scrolls
 f - 5 scrolls of identify {unknown}
 h - a scroll of remove curse {unknown}
 i - 2 scrolls of magic mapping {unknown}
 j - a scroll of amnesia {unknown}
 k - a scroll of fog {unknown}
 l - 3 scrolls of recharging {unknown}
 o - a scroll of enchant weapon {unknown}
 q - 2 scrolls of fear {unknown}
 v - a scroll of teleportation {unknown}
Potions
 e - a potion of curing {unknown}
 g - a potion of brilliance
 m - a potion of lignification
 u - a potion of heal wounds
Books
 c - a book of Minor Magic

   Spells                             Type                      Level
   a - Magic Dart                     Conjuration                  1
   b - Blink                          Translocation                2
   c - Call Imp                       Summoning                    2
   d - Repel Missiles                 Charms/Air                   2
   e - Slow                           Hexes                        2
   f - Conjure Flame                  Conjuration/Fire             3
   g - Mephitic Cloud                 Conjuration/Poison/Air       3
 n - a book of Debilitation

   Spells                             Type                      Level
   a - Corona                         Hexes                        1
   b - Slow                           Hexes                        2
   c - Gell's Gravitas                Hexes/Translocation          3
   d - Inner Flame                    Hexes/Fire                   3
   e - Cause Fear                     Hexes                        4
   f - Leda's Liquefaction            Hexes/Earth                  4
Comestibles
 d - 3 bread rations
 p - a meat ration
 r - a beef jerky
 s - 5 fruits
 w - a royal jelly


   Skills:
 - Level 2.1 Dodging
 - Level 2.1 Stealth
 + Level 6.0 Spellcasting
 + Level 5.0 Conjurations
   Level 0.8 Summonings
 - Level 1.1 Translocations


You had 6 spell levels left.
You knew the following spells:

 Your Spells              Type           Power        Failure   Level  Hunger
a - Magic Dart            Conj           ####         1%          1    None
b - Blink                 Tloc           N/A          10%         2    None
d - Mephitic Cloud        Conj/Pois/Air  ###.....     14%         3    #......
e - Conjure Flame         Conj/Fire      ###.....     10%         3    #......
m - Repel Missiles        Chrm/Air       #.....       12%         2    None


Dungeon Overview and Level Annotations

Branches:
Dungeon (4/15)             Temple (0/1) D:4

Altars:
Cheibriados
Elyvilon
Gozag
Kikubaaqudgha
Nemelex Xobeh
Okawaru
Qazlal
The Shining One


Message History

The orc priest is heavily wounded.
The orc priest hits you with a dagger.
Casting: Magic Dart
Confirm with . or Enter, or press ? or * to list all spells.
Aiming: Magic Dart
Press: ? - help, Shift-Dir - straight line, f/p - orc priest
Aim: an orc priest, wielding a dagger and wearing a chain mail (heavily wounded)
The magic dart hits the orc priest.
The orc priest is almost dead.
The orc priest misses you.
Casting: Magic Dart
Confirm with . or Enter, or press ? or * to list all spells.
Aiming: Magic Dart
Press: ? - help, Shift-Dir - straight line, f/p - orc priest
Aim: an orc priest, wielding a dagger and wearing a chain mail (almost dead)
The magic dart hits the orc priest.
The orc priest is almost dead.
The orc priest invokes the aid of Beogh against you.
Beogh smites you!
You die...

#.........#
#########.# #.#
#########.#
.######.........#
.......#.########
### #..#
#.######..####
...[.Zo@....)#####
..######..........
### ##....###
##.######.#.##
#.#.......#.#
##.########[# #.#
#.# #.# #.# #.#
#o#


You could see an orc priest and a giant gecko skeleton.

Vanquished Creatures
  A giant frog skeleton (D:4)
  An orc priest (D:4)
  A worker ant (D:3)
  7 gnolls
  7 adders
  2 oozes (D:1)
  2 worms (D:3)
  2 dart slugs
  5 giant geckos
  4 orcs
  8 giant cockroaches
  5 goblins
  5 hobgoblins
  7 kobolds
  9 bats
  5 giant newts
  9 rats
80 creatures vanquished.

Notes
Turn   | Place    | Note
--------------------------------------------------------------
     0 | D:1      | Liam the High Elf Wizard began the quest for the Orb.
     0 | D:1      | Reached XP level 1. HP: 11/11 MP: 6/6
   306 | D:1      | Reached XP level 2. HP: 17/17 MP: 2/7
   308 | D:1      | Reached skill level 4 in Spellcasting
  1153 | D:1      | Reached XP level 3. HP: 21/21 MP: 5/9
  1615 | D:2      | Found a white marble altar of Elyvilon.
  1617 | D:2      | Found a stormy altar of Qazlal.
  1627 | D:2      | Found a sparkling altar of Nemelex Xobeh.
  1628 | D:2      | Found an ancient bone altar of Kikubaaqudgha.
  1762 | D:2      | Learned a level 2 spell: Blink
  1765 | D:2      | Learned a level 2 spell: Repel Missiles
  1769 | D:2      | Learned a level 3 spell: Conjure Flame
  1773 | D:2      | Learned a level 3 spell: Mephitic Cloud
  1923 | D:2      | Found a snail-covered altar of Cheibriados.
  2158 | D:2      | Reached XP level 4. HP: 27/27 MP: 5/11
  2313 | D:2      | Found an iron altar of Okawaru.
  2446 | D:3      | Reached skill level 5 in Spellcasting
  2751 | D:3      | Found an opulent altar of Gozag.
  2799 | D:3      | Found a glowing golden altar of the Shining One.
  2827 | D:3      | Reached XP level 5. HP: 31/31 MP: 6/13
  3086 | D:3      | Found a faded altar to an unknown god.
  3880 | D:4      | Reached XP level 6. HP: 25/36 MP: 0/15
  3991 | D:4      | Found a staircase to the Ecumenical Temple.
  4085 | D:4      | Reached skill level 6 in Spellcasting
  4096 | D:4      | Reached skill level 5 in Conjurations
  4185 | D:4      | Killed from afar by an orc priest

Vault maps used:
D:1:      dpeg_arrival_shrine, minmay_misc_feat_rows, minmay_door_square
D:2:      grunt_temple_overflow_open, lemuel_doored_altar,
          overflow_temple_1_default, okawaru_gym_becter
D:3:      grunt_gozag_breadcrumbs, lemuel_round_altar, ecumenical_altar_2,
          first_bread
D:4:      lemuel_crystal_altar, minmay_temple_entry_butterflies

Skill      XL: |  1  2  3  4  5  6 |
---------------+-------------------+-----
Spellcasting   | 4 5 6 |  6.0
Conjurations   | 2 3 4 5 |  5.0
Dodging        | |  2.1
Stealth        | |  2.1
Summonings     | |  0.8
Translocations | |  1.1

Action                   |  1- 3 |  4- 6 || total
-------------------------+-------+-------++-------
Melee: Unarmed           |    11 |     6 ||    17
 Cast: Magic Dart        |    91 |   161 ||   252
  Use: Potion            |       |     5 ||     5
  Eat: Chunk             |     2 |     7 ||     9
